 Dungeon Crawl Stone Soup version 0.27-a0-291-gd9602db6ee (webtiles) character file.

Game seed: 16144953393002513021

4695 ReteAZ the Nimble (level 10, -1/79 HPs)
             Began as a Gnoll Gladiator on Feb 9, 2021.
             Was a Follower of the Shining One.
             Slain by a hornet (4 damage)
             ... on level 8 of the Dungeon.
             The game lasted 00:11:32 (8642 turns).

ReteAZ the Nimble (Gnoll Gladiator)                 Turns: 8642, Time: 00:11:32

Health: -1/79      AC:  6    Str: 13      XL:     10   Next: 44%
Magic:  17/17      EV: 14    Int: 11 (12) God:    the Shining One [*.....]
Gold:   400        SH:  0    Dex: 18 (19) Spells: 19/19 levels left

rFire    + + .     SeeInvis .   I - +2 battleaxe of a volcano {vorpal, rF+}
rCold    . . .     Faith    .   (shield currently unavailable)
rNeg     . . .     Spirit   .   d - +0 scale mail
rPois    .         Reflect  .   c - +0 helmet
rElec    .         Harm     .   (no cloak)
rCorr    .         Rampage  .   (no gloves)
Will     +....                  (no boots)
Stlth    +.........             s - amulet of regeneration
HPRegen  0.63/turn              v - +6 ring of dexterity
MPRegen  0.15/turn              E - ring of willpower

@: lethally poisoned (-1 -> -1), glowing
A: distributed training, fangs 1, deformed body, fire resistance 1, shaggy fur
1, strong nose
a: Renounce Religion


You were on level 8 of the Dungeon.
You worshipped the Shining One.
The Shining One was aware of your devotion.
You visited 2 branches of the dungeon, and saw 9 of its levels.

You collected 400 gold pieces.

Inventory:

Hand Weapons
 a - a +0 quarterstaff
 l - a +5 short sword of speed
 o - a +3 flail of protection
 t - a +4 dire flail
 C - a +2 vorpal war axe
 I - the +2 battleaxe of a volcano (weapon) {vorpal, rF+}
   (You found it on level 6 of the Dungeon)

   It inflicts extra damage upon your enemies.
   It protects you from fire.
 L - a +1 whip of flaming
Missiles
 m - 43 poisoned darts (quivered)
 x - a throwing net
Armour
 b - a +0 leather armour
 c - a +0 helmet (worn)
 d - a +0 scale mail (worn)
 p - a +0 ring mail
 A - a +1 robe of willpower
Jewellery
 s - an amulet of regeneration (around neck)
 v - a +6 ring of dexterity (left hand)
 w - an uncursed amulet of reflection {unknown}
 E - a ring of willpower (right hand)
Wands
 y - a wand of random effects (26)
 B - a wand of flame (22)
 F - a wand of iceblast (4)
 N - a wand of acid (2)
Scrolls
 e - 2 scrolls of amnesia {unknown}
 f - a scroll of enchant weapon {unknown}
 h - 6 scrolls of remove curse
 i - 3 scrolls of magic mapping
 j - 8 scrolls of identify {unknown}
 k - 3 scrolls of blinking {unknown}
 r - a scroll of noise {unknown}
 u - 2 scrolls of fog {unknown}
 D - a scroll of teleportation {unknown}
 H - a scroll of enchant armour {unknown}
 J - a scroll of immolation {unknown}
Potions
 g - a potion of heal wounds
 n - a potion of might {unknown}
 q - 2 potions of curing
 z - 2 potions of attraction
 G - a potion of flight {unknown}
 K - a potion of cancellation {unknown}
 M - a potion of berserk rage {unknown}


   Skills:
 + Level 7.1 Fighting
 + Level 5.3 Short Blades
 + Level 5.3 Long Blades
 + Level 5.3 Axes
 + Level 5.3 Maces & Flails
 + Level 5.3 Polearms
 + Level 8.5 Staves
 + Level 5.3 Slings
 + Level 5.3 Bows
 + Level 5.3 Crossbows
 + Level 7.1 Throwing
 + Level 5.3 Armour
 + Level 8.5 Dodging
 + Level 5.3 Stealth
 + Level 5.3 Shields
 + Level 5.3 Unarmed Combat
 + Level 5.3 Spellcasting
 + Level 4.3 Conjurations
 + Level 4.3 Hexes
 + Level 4.3 Summonings
 + Level 4.3 Necromancy
 + Level 4.3 Translocations
 + Level 4.3 Transmutations
 + Level 4.3 Fire Magic
 + Level 4.3 Ice Magic
 + Level 4.3 Air Magic
 + Level 4.3 Earth Magic
 + Level 4.3 Poison Magic
 + Level 5.8 Invocations
 + Level 5.3 Evocations


You had 19 spell levels left.
You didn't know any spells.
Your spell library was empty.

Dungeon Overview and Level Annotations

Branches:
Dungeon (8/15)             Temple (1/1) D:6            Lair (0/6) D:8

Altars:
Ashenzari
Cheibriados
Dithmenos
Elyvilon
Fedhas
Gozag
Hepliaklqana
Kikubaaqudgha
Makhleb
Nemelex Xobeh
Okawaru
Ru
Uskayaw
Vehumet
Wu Jian
Xom
Zin
The Shining One


Innate Abilities, Weirdness & Mutations

Your experience applies equally to all skills.
You have very sharp teeth.
Your uncanny sense of smell can sniff out nearby items.
Armour fits poorly on your strangely shaped body.
Your flesh is heat resistant. (rF+)
You are covered in fur. (AC +1)


Message History

The ufetubus completely misses you. The howler monkey barely misses you.
The ogre hits you with a +0 giant club.
* * * LOW HITPOINT WARNING * * *
The hornet stings you.
* * * LOW HITPOINT WARNING * * *
You are poisoned.
You feel yourself slow down. The white imp gestures at you.
The puff of frost hits you!
* * * LOW HITPOINT WARNING * * *
The ufetubus misses you.
The ufetubus hits you but does no damage.
The howler monkey hits you but does no damage.
An electric eel comes into view.
As you read the scroll labelled JOUSER MOSE, it crumbles to dust.
You feel aware of your surroundings.
You sensed 1 altar.
It was a scroll of magic mapping.
You feel yourself speed up.
You feel sick. The hornet stings you.
You die...

..(.......#....,,,,,,,*
..........#*.,,,,,,**,**
........#...*,,,,,***,,*
.........##.*,##########*****
#####.##.#*,,,#≈≈≈≈≈≈≈≈;≈≈≈≈*
*****###.####*#≈≈≈≈.....≈≈≈≈*
,*,*,*#8....###≈≈≈......,≈≈≈*
+*+*+*##......#≈≈5...♣,,,,≈≈*
,,,,,,+....##.#≈@Oh♣*,**,,,≈*
+*+*+*###..##.#5yh.♣,,,*,,,≈*
_*,*,** #..##.'...♣h$♣,,*,,≈*
#####***#..####≈...♣...♣,,,≈*
....# ##..# #≈...♣*.♣♣,,,≈*
....# #..# #≈≈....♣..,,≈≈*
....# #..# #≈≈≈....,.,≈≈≈*
....# ##.###≈≈≈≈....,≈≈≈≈*
....#######.#.#≈≈≈≈≈≈≈≈≈≈≈≈≈*


You could see a hornet, an ogre, 3 howler monkeys, an electric eel, a white imp
and an ufetubus.

Vanquished Creatures
  Harold (D:7)
  Pikel (D:7)
  Joseph (D:8)
  Sigmund (D:5)
  Duvessa (D:4)
  An orc warrior (D:7)
  2 ice beasts
  A sky beast (D:8)
  5 ogres
  A black bear (D:7)
  2 centaurs
  A phantom (D:5)
  3 bullfrogs (D:6)
  A kobold brigand (D:8)
  2 scorpions (D:6)
  Dowan (D:4)
  5 wights (D:7)
  A howler monkey (D:7)
  2 bullfrog zombies (D:5)
  5 hounds
  2 jellies (D:6)
  2 bullfrog skeletons (D:5)
  4 orc priests
  3 iguanas
  7 orc wizards
  Terence (D:2)
  6 worker ants
  Natasha (thrice) (D:2)
  A killer bee zombie (D:5)
  A hound zombie (D:5)
  A hound skeleton (D:8)
  Robin (D:2)
  2 worker ant zombies
  3 adders
  4 gnolls (D:5)
  A shadow imp (D:6)
  A white imp (D:6)
  2 oozes
  An adder zombie (D:5)
  2 dart slugs
  3 leopard geckos
  25 orcs
  7 bats
  4 giant cockroaches
  15 goblins
  8 hobgoblins
  8 jackals (D:5)
  A quokka (D:7)
  2 ball pythons
  5 frilled lizards
  8 kobolds
  2 leopard gecko zombies (D:5)
  A quokka skeleton (D:5)
  A quokka zombie (D:3)
  8 rats
184 creatures vanquished.

Vanquished Creatures (others)
  5 dream sheep (D:3)
  An orc wizard (D:8)
  7 withered plants (D:5)
13 creatures vanquished.

Grand Total: 197 creatures vanquished

Notes
Turn   | Place    | Note
-------+----------+-------------------------------------------
     0 | D:1      | ReteAZ the Gnoll Gladiator began the quest for the Orb.
     0 | D:1      | Reached XP level 1. HP: 20/20 MP: 1/1
   157 | D:1      | Reached XP level 2. HP: 26/26 MP: 2/2
   475 | D:1      | Reached XP level 3. HP: 31/31 MP: 3/3
   939 | D:2      | Found a blossoming altar of Fedhas.
  1093 | D:2      | Reached skill level 1 in Invocations
  1138 | D:2      | Noticed Robin
  1174 | D:2      | Killed Robin
  1175 | D:2      | Reached skill level 1 in Short Blades
  1175 | D:2      | Reached skill level 1 in Long Blades
  1175 | D:2      | Reached skill level 1 in Axes
  1175 | D:2      | Reached skill level 1 in Maces & Flails
  1175 | D:2      | Reached skill level 1 in Polearms
  1175 | D:2      | Reached skill level 1 in Slings
  1175 | D:2      | Reached skill level 1 in Bows
  1175 | D:2      | Reached skill level 1 in Crossbows
  1175 | D:2      | Reached skill level 1 in Armour
  1175 | D:2      | Reached skill level 1 in Stealth
  1175 | D:2      | Reached skill level 1 in Shields
  1175 | D:2      | Reached skill level 1 in Unarmed Combat
  1175 | D:2      | Reached skill level 1 in Spellcasting
  1175 | D:2      | Reached skill level 1 in Evocations
  1178 | D:2      | Reached XP level 4. HP: 35/38 MP: 5/5
  1230 | D:2      | Noticed Natasha
  1247 | D:2      | Killed Natasha
  1248 | D:2      | Reached skill level 1 in Conjurations
  1248 | D:2      | Reached skill level 1 in Hexes
  1248 | D:2      | Reached skill level 1 in Summonings
  1248 | D:2      | Reached skill level 1 in Necromancy
  1248 | D:2      | Reached skill level 1 in Translocations
  1248 | D:2      | Reached skill level 1 in Transmutations
  1248 | D:2      | Reached skill level 1 in Fire Magic
  1248 | D:2      | Reached skill level 1 in Ice Magic
  1248 | D:2      | Reached skill level 1 in Air Magic
  1248 | D:2      | Reached skill level 1 in Earth Magic
  1248 | D:2      | Reached skill level 1 in Poison Magic
  1658 | D:2      | Noticed Natasha
  1666 | D:2      | Killed Natasha
  1667 | D:2      | Reached XP level 5. HP: 23/43 MP: 6/6
  1820 | D:2      | Noticed Natasha
  1829 | D:2      | Killed Natasha
  1875 | D:2      | Noticed Terence
  1886 | D:2      | Killed Terence
  2161 | D:3      | Noticed a dream sheep
  2161 | D:3      | Noticed a dream sheep
  2161 | D:3      | Noticed a dream sheep
  2161 | D:3      | Noticed a dream sheep
  2161 | D:3      | Noticed a dream sheep
  2161 | D:3      | Found a shimmering altar of Xom.
  2166 | D:3      | Killed a dream sheep
  2166 | D:3      | Killed a dream sheep
  2166 | D:3      | Killed a dream sheep
  2166 | D:3      | Killed a dream sheep
  2167 | D:3      | Killed a dream sheep
  2185 | D:3      | Found a radiant altar of Vehumet.
  2441 | D:3      | Reached XP level 6. HP: 42/50 MP: 8/8
  3021 | D:4      | Reached skill level 5 in Fighting
  3021 | D:4      | Reached skill level 5 in Throwing
  3327 | D:4      | Reached XP level 7. HP: 44/56 MP: 10/10
  3497 | D:4      | Noticed Dowan
  3516 | D:4      | Noticed Duvessa
  3527 | D:4      | Killed Dowan
  3754 | D:4      | Killed Duvessa
  4246 | D:4      | Found a hide-covered altar of Uskayaw.
  4384 | D:4      | Found an opulent altar of Gozag.
  4456 | D:5      | Entered Level 5 of the Dungeon
  4542 | D:5      | Reached XP level 8. HP: 40/63 MP: 12/12
  5086 | D:5      | Noticed Sigmund
  5105 | D:5      | Killed Sigmund
  5939 | D:6      | Reached XP level 9. HP: 58/69 MP: 14/14
  6526 | D:6      | Got a translucent battleaxe
  6527 | D:6      | Identified the cursed +2 battleaxe of a volcano {vorpal,
                  | rF+} (You found it on level 6 of the Dungeon)
  6549 | D:6      | Found a staircase to the Ecumenical Temple.
  6570 | Temple   | Entered the Ecumenical Temple
  6695 | Temple   | Became a worshipper of the Shining One
  7236 | D:7      | Found a glowing silver altar of Zin.
  7239 | D:7      | Found an iron altar of Okawaru.
  7239 | D:7      | Noticed Pikel
  7246 | D:7      | Killed Pikel
  7247 | D:7      | Reached skill level 5 in Invocations
  7250 | D:7      | Found a hazy altar of Hepliaklqana.
  7291 | D:7      | Noticed Harold
  7312 | D:7      | Gained mutation: You are covered in fur. (AC +1) [potion of
                  | mutation]
  7312 | D:7      | Gained mutation: Armour fits poorly on your strangely
                  | shaped body. [potion of mutation]
  7312 | D:7      | Gained mutation: Your flesh is heat resistant. (rF+)
                  | [potion of mutation]
  7323 | D:7      | Killed Harold
  7324 | D:7      | Reached XP level 10. HP: 28/77 MP: 15/17
  7490 | D:7      | Reached skill level 5 in Short Blades
  7490 | D:7      | Reached skill level 5 in Long Blades
  7490 | D:7      | Reached skill level 5 in Axes
  7490 | D:7      | Reached skill level 5 in Maces & Flails
  7490 | D:7      | Reached skill level 5 in Polearms
  7490 | D:7      | Reached skill level 5 in Slings
  7490 | D:7      | Reached skill level 5 in Bows
  7490 | D:7      | Reached skill level 5 in Crossbows
  7490 | D:7      | Reached skill level 5 in Armour
  7490 | D:7      | Reached skill level 5 in Stealth
  7490 | D:7      | Reached skill level 5 in Shields
  7490 | D:7      | Reached skill level 5 in Unarmed Combat
  7490 | D:7      | Reached skill level 5 in Spellcasting
  7490 | D:7      | Reached skill level 5 in Evocations
  7495 | D:7      | Found a shadowy altar of Dithmenos.
  8055 | D:8      | Noticed Joseph
  8058 | D:8      | Reached * piety under the Shining One
  8300 | D:8      | Killed Joseph
  8642 | D:8      | HP: 3/79 [poisoned by a hornet]
  8642 | D:8      | Slain by a hornet

Illustrated notes

Levels and vault maps discovered:
D:1:      tarquinn_simple_flora_water_c, layout_basic
D:2:      layout_basic, fedhas_altar_fruit_tree, uniq_robin, uniq_terence,
          uniq_natasha
D:3:      layout_rooms, fiery_altar_vehumet, kb_xom_exploding_sheep
D:4:      layout_loops_ring, eat_drink_and_be_merry_uskayaw,
          nicolae_gozag_cash_rules_everything_around_me, uniq_duvessa
D:5:      layout_loops_ring, serial_undead, serial_undead_a, serial_undead_f,
          serial_undead_d, serial_undead_e, serial_undead_b, serial_undead_e,
          serial_undead_c, uniq_sigmund
D:6:      layout_rooms, minmay_temple_entry_statues
D:7:      layout_loops_corners, grunt_temple_overflow_diamond,
          marbit_many_paths, uniq_harold, uniq_pikel
D:8:      layout_rooms, lemuel_mausoleum_altar_yredelemnul, erik_lair_dragon,
          special_room [special_room_orc], kennysheep_generic_room_2,
          uniq_joseph
Temple:   dpeg_three_leaves_temple

Skill      XL: |  1  2  3  4  5  6  7  8  9 10 |
---------------+-------------------------------+-----
Invocations    | 1 2 3 4 5 |  5.8
Short Blades   | 1 2 3 4 5 |  5.3
Long Blades    | 1 2 3 4 5 |  5.3
Axes           | 1 2 3 4 5 |  5.3
Maces & Flails | 1 2 3 4 5 |  5.3
Polearms       | 1 2 3 4 5 |  5.3
Slings         | 1 2 3 4 5 |  5.3
Bows           | 1 2 3 4 5 |  5.3
Crossbows      | 1 2 3 4 5 |  5.3
Armour         | 1 2 3 4 5 |  5.3
Stealth        | 1 2 3 4 5 |  5.3
Shields        | 1 2 3 4 5 |  5.3
Unarmed Combat | 1 2 3 4 5 |  5.3
Spellcasting   | 1 2 3 4 5 |  5.3
Evocations     | 1 2 3 4 5 |  5.3
Conjurations   | 1 2 3 4 |  4.3
Hexes          | 1 2 3 4 |  4.3
Summonings     | 1 2 3 4 |  4.3
Necromancy     | 1 2 3 4 |  4.3
Translocations | 1 2 3 4 |  4.3
Transmutations | 1 2 3 4 |  4.3
Fire Magic     | 1 2 3 4 |  4.3
Ice Magic      | 1 2 3 4 |  4.3
Air Magic      | 1 2 3 4 |  4.3
Earth Magic    | 1 2 3 4 |  4.3
Poison Magic   | 1 2 3 4 |  4.3
Fighting       | 5 6 7 |  7.1
Throwing       | 5 6 7 |  7.1
Staves         | 7 8 |  8.5
Dodging        | 7 8 |  8.5

Action                   |  1- 3 |  4- 6 |  7- 9 | 10-12 || total
-------------------------+-------+-------+-------+-------++-------
Melee: Quarterstaff      |   119 |   116 |       |       ||   235
       Bite              |     4 |    12 |    19 |     6 ||    41
       Dire flail        |       |    45 |   241 |       ||   286
       Battleaxe         |       |       |    49 |    67 ||   116
Throw: Dart              |       |     4 |    17 |     6 ||    27
       Throwing net      |       |     3 |     2 |       ||     5
  Use: Potion            |       |       |     8 |     1 ||     9
       Scroll            |       |       |       |     2 ||     2
 Stab: Sleeping          |     1 |     2 |     1 |       ||     4
       Held in net/web   |       |     1 |       |       ||     1
Armor: Leather armour    |    32 |     9 |       |       ||    41
       Ring mail         |       |    17 |     1 |       ||    18
       Scale mail        |       |       |    86 |    20 ||   106
       Skin              |       |       |    11 |       ||    11
Dodge: Dodged            |   107 |   112 |   183 |    92 ||   494

Table legend: (Time is in decaauts)
 A = Elapsed time spent in this place.
 B = Non-inter-level travel time spent in this place.
 C = Inter-level travel time spent in this place.
 D = Time resting spent in this place.
 E = Time spent auto-exploring this place.
 F = Levels seen in this place.
 G = Mean time per level.
                   A        B        C        D        E       F      G
               +--------+--------+--------+--------+--------+-----+--------+
         Total |   8708 |   8505 |    203 |    904 |   6003 |   9 |  967.6 |
       Dungeon |   8570 |   8379 |    191 |    904 |   5938 |   8 | 1071.2 |
        Temple |    138 |    126 |     12 |      0 |     65 |   1 |  138.0 |
               +--------+--------+--------+--------+--------+-----+--------+

Top non-repeatable levels by time:
     D:4: 1700 daAuts
     D:7: 1406 daAuts
     D:2: 1253 daAuts
     D:5: 1143 daAuts
     D:6: 1056 daAuts
     D:1: 830 daAuts
     D:3: 765 daAuts
     D:8: 414 daAuts
  Temple: 138 daAuts
